 Dungeon Crawl Stone Soup version 0.18.1-48-g4cf74bf (webtiles) character file.

122 Lennu the Grave Robber (level 4, -4/37 HPs)
             Began as a Deep Dwarf Necromancer on July 7, 2016.
             Slain by a slave (5 damage)
             ... led by Pikel
             ... on level 4 of the Dungeon.
             The game lasted 00:14:02 (3419 turns).

Lennu the Grave Robber (Deep Dwarf Necromancer)     Turns: 3419, Time: 00:14:02

Health: -4/37      AC:  5    Str: 12    XL:     4   Next: 78%
Magic:  1/7        EV: 13    Int: 16    God:
Gold:   134        SH:  0    Dex: 13    Spells: 1 memorised, 6 levels left

rFire  . . .     SeeInvis .     x - +1 dagger (drain)
rCold  . . .     Gourm    .     a - +0 robe
rNeg   . . .     Faith    .     (no shield)
rPois  .         Spirit   .     (no helmet)
rElec  .         Dismiss  .     r - +0 cloak
rCorr  .         Reflect  .     k - +1 pair of gloves
SustAt .         Harm     .     (no boots)
MR     .....                    f - amulet of rage
Stlth  ++........               (no ring)
                                (no ring)

@: non-regenerating, not resistant to hostile enchantments, unstealthy
A: damage resistance, recharge devices, sense surroundings 1, slow regeneration
3
a: Device Recharging, Evoke Berserk Rage


You were on level 4 of the Dungeon.
You were not hungry.

You visited 1 branch of the dungeon, and saw 4 of its levels.

You collected 134 gold pieces.

Inventory:

Hand Weapons
 e - a +0 whip
 t - a +0 mace
 x - a +1 dagger of draining (weapon)
Missiles
 y - 9 tomahawks (quivered)
Armour
 a - a +0 robe (worn)
 k - a +1 pair of gloves (worn)
 r - a +0 cloak (worn)
Jewellery
 f - an amulet of rage (around neck)
Wands
 c - a wand of heal wounds (2/9)
 v - a wand of disintegration (24/24)
Scrolls
 g - a scroll of enchant weapon
 i - a scroll of noise
 j - 2 scrolls of teleportation
 n - a scroll of immolation
 w - a scroll of recharging
Potions
 h - 2 potions of haste {unknown}
Books
 b - a book of Necromancy

   Spells                             Type                      Level
   a - Pain                           Necromancy                   1
   b - Animate Skeleton               Necromancy                   1
   c - Vampiric Draining              Necromancy                   3
   d - Regeneration                   Charms/Necromancy            3
   e - Animate Dead                   Necromancy                   4
   f - Control Undead                 Necromancy                   4
Comestibles
 d - 5 fruits
 l - a slice of pizza
 o - a meat ration


   Skills:
 * Level 0.6 Fighting
 * Level 1.2 Armour
 * Level 2.7 Dodging
 + Level 2.8 Stealth
 + Level 2.3 Spellcasting
 * Level 5.7 Necromancy


You had 6 spell levels left.
You knew the following spells:

 Your Spells              Type           Power        Failure   Level  Hunger
a - Pain                  Necr           ###.         1%          1    #......


Dungeon Overview and Level Annotations

Branches:
Dungeon (4/15)
 Temple: D:4-7

Altars:

Annotations:
D:4 Edmund, Menkaure, Pikel


Innate Abilities, Weirdness & Mutations

You are resistant to damage.
You can recharge devices by infusing magical energy.
You passively map a small area around you.
You do not regenerate naturally.


Message History

Pikel misses you. The slave barely misses you.
The slave hits you but does no damage.
You barely miss Pikel. Pikel barely misses you. The slave hits you.
You hit Pikel but do no damage. You drain Pikel!
Pikel is lightly wounded.
Pikel barely misses you. The slave hits you. The slave closely misses you.
You barely miss Pikel.
Pikel is lightly wounded.
The slave closely misses you. Pikel hits you with a whip of freezing.
* * * LOW HITPOINT WARNING * * *
Pikel freezes you.
* * * LOW HITPOINT WARNING * * *
The slave hits you.
* * * LOW HITPOINT WARNING * * *
The slave closely misses you. The slave hits you.
* * * LOW HITPOINT WARNING * * *
You hit Pikel but do no damage.
Pikel is lightly wounded.
The slave hits you.
You die...

......#**##.## #.# ,
....#.., ...## #... ,
....... , ...###.....
....... * #.........#*
,,.......## #........#*
, ,
........#####.......# *
*
........##..........##
.......pp............#
......@K@............#
* ,
.......pp............#.
..###..........=.......
. *##.................
#................. , ,
#.$................ *
.....#####.........#
##.. J....#
##.........# ** ##...
####.## #.........##


You could see Edmund, Pikel and 4 slaves.

Vanquished Creatures
  3 adders
  2 oozes
  4 dart slugs
  2 giant geckos
  5 orcs (D:3)
  6 ball pythons
  8 bats
  2 giant cockroaches (D:1)
  9 goblins
  9 hobgoblins
  3 quokkas
  4 giant newts
  8 kobolds
  8 rats
73 creatures vanquished.

Vanquished Creatures (others)
  A fungus (D:3)
1 creature vanquished.

Grand Total: 74 creatures vanquished

Notes
Turn   | Place    | Note
--------------------------------------------------------------
     0 | D:1      | Lennu the Deep Dwarf Necromancer began the quest for the Orb.
     0 | D:1      | Reached XP level 1. HP: 15/15 MP: 3/3
   113 | D:1      | Reached XP level 2. HP: 11/22 MP: 0/4
   303 | D:1      | Reached skill level 5 in Necromancy
   604 | D:1      | Reached XP level 3. HP: 26/28 MP: 0/6
  2205 | D:3      | Reached XP level 4. HP: 32/37 MP: 3/7
  2692 | D:3      | Reached skill level 1 in Armour
  3215 | D:4      | Noticed Menkaure
  3399 | D:4      | Noticed Edmund
  3405 | D:4      | Noticed a slave
  3405 | D:4      | Noticed a slave
  3406 | D:4      | Noticed Pikel
  3407 | D:4      | Noticed a slave
  3411 | D:4      | Noticed a slave
  3418 | D:4      | HP: 1/37 [slave[Pikel] (3)]
  3419 | D:4      | Slain by a slave

Skill      XL: |  1  2  3  4 |
---------------+-------------+-----
Necromancy     | 5 |  5.7
Spellcasting   | 2 |  2.3
Armour         | 1 |  1.2
Fighting       | |  0.6
Dodging        | |  2.7
Stealth        | |  2.8

Action                   |  1- 3 |  4- 6 || total
-------------------------+-------+-------++-------
Melee: Whip              |    30 |       ||    30
       Dagger            |       |    15 ||    15
 Cast: Pain              |    80 |    56 ||   136
Evoke: Wand              |     1 |     2 ||     3
  Use: Scroll            |       |    10 ||    10
 Stab: Sleeping          |     1 |       ||     1
  Eat: Chunk             |     5 |     3 ||     8
       Bread ration      |       |     1 ||     1
Armor: Robe              |     7 |     3 ||    10
Dodge: Dodged            |    31 |    26 ||    57
